 Dungeon Crawl Stone Soup version 0.29-a0-997-gf6f7e2dfe7 (webtiles) character file.

Game seed: 11326130402629702271

2927 quixfox the Geomancer (level 9, -18/51 HPs)
             Began as a Gargoyle Earth Elementalist on Aug 4, 2022.
             Was a Follower of Vehumet.
             Killed from afar by an acid dragon (19 damage)
             ... with a splash of acid
             ... on level 8 of the Dungeon.
             The game lasted 00:20:20 (7993 turns).

quixfox the Geomancer (Gargoyle Earth Elementalist) Turns: 7993, Time: 00:20:21

Health: -18/51     AC: 16    Str: 11    XL:     9   Next: 79%
Magic:  25/28      EV: 11    Int: 19    God:    Vehumet [*.....]
Gold:   439        SH:  0    Dex: 10    Spells: 14/21 levels left

rFire   + . .      SeeInvis .   D - +5 dagger "Delusie" {pain, rElec rN++ Str-2}
rCold   . . .      Faith    .   (no shield)
rNeg    + + +      Spirit   .   c - +2 robe {rF+}
rPois   ∞          Reflect  .   k - +1 helmet
rElec   +          Harm     .   (no cloak)
rCorr   .          Rampage  .   (no gloves)
Will    .....                   (no boots)
Stlth   ++........              (no amulet)
HPRegen 0.17/turn               z - ring of magical power
MPRegen 0.21/turn               a - +4 ring of protection

@: no status effects
A: sickness immunity, AC +6, negative energy resistance 1, electricity
resistance, torment resistance 1, petrification resistance
a: Renounce Religion


You were on level 8 of the Dungeon.
You worshipped Vehumet.
Vehumet was aware of your devotion.
You visited 2 branches of the dungeon, and saw 9 of its levels.
You also visited: Sewer.

You collected 439 gold pieces.

Inventory:

Hand Weapons
 D - the +5 dagger "Delusie" (weapon) {pain, rElec rN++ Str-2}
   (You found it on level 5 of the Dungeon)

   In the hands of one skilled in necromantic magic, it inflicts extra damage on
   living creatures.
   Str:       It affects your strength (-2).
   rElec:     It insulates you from electricity.
   rN:        It greatly protects you from negative energy.
Missiles
 E - a throwing net
Armour
 c - a +2 robe of fire resistance (worn)
 k - a +1 helmet (worn)
Jewellery
 a - a +4 ring of protection (right hand)
 z - a ring of magical power (left hand)
Wands
 o - a wand of roots (4)
 u - a wand of charming (4)
 v - a wand of digging (4)
Scrolls
 g - a scroll of fog
 j - 2 scrolls of summoning {unknown}
 l - 2 scrolls of enchant armour
 m - 2 scrolls of immolation
 n - 2 scrolls of amnesia
 p - 2 scrolls of fear
 q - 2 scrolls of blinking
 t - 3 scrolls of teleportation
Potions
 b - 2 potions of magic
 d - 3 potions of curing
 e - 2 potions of cancellation {unknown}
 f - a potion of attraction {unknown}
 h - a potion of berserk rage
 i - 5 potions of might
 r - 2 potions of resistance {unknown}
 w - 2 potions of mutation
 x - 2 potions of haste
 C - a potion of degeneration {unknown}


   Skills:
 + Level 3.6 Fighting
 - Level 1.5 Dodging
 - Level 2.1 Stealth
 + Level 6.8 Spellcasting
 + Level 7.4 Conjurations
 - Level 0.7 Transmutations
 + Level 3.2 Fire Magic
 + Level 9.4 Earth Magic


You had 14 spell levels left.
You knew the following spells:

 Your Spells              Type           Power      Damage    Failure   Level
a - Sandblast             Erth           84%        2d18      1%          1
b - Passwall              Tmut/Erth      20%        N/A       1%          2
c - Stone Arrow           Conj/Erth      76%        3d11      1%          3
d - Foxfire               Conj/Fire      100%       2x1d9     1%          1

Your spell library contained the following spells:

 Spells                   Type           Power      Damage    Failure   Level
 Magic Dart               Conj           100%       1d8       1%          1
 Searing Ray              Conj           68%        2d6       1%          2
 Petrify                  Tmut/Erth      25%        N/A       13%         4
 Fulminant Prism          Conj/Hex       10%        3d9       22%         4
 Frozen Ramparts          Ice            12%        1d9       30%         3
 Gell's Gravitas          Tloc           6%         N/A       30%         3
 Teleport Other           Tloc           6%         N/A       30%         3
 Ice Form                 Ice/Tmut       7%         N/A       65%         4
 Summon Ice Beast         Ice/Summ       6%         N/A       71%         4
 Dispersal                Tloc           3%         N/A       100%        6


Dungeon Overview and Level Annotations

Branches:
Dungeon (8/15)             Temple (1/1) D:5           Sewer (visited)
   Lair: D:8-11

Altars:
Cheibriados
Dithmenos
Elyvilon
Fedhas
Gozag
Hepliaklqana
Kikubaaqudgha
Makhleb
Nemelex Xobeh
Okawaru
Qazlal
Trog
Vehumet
Xom
Zin
The Shining One


Innate Abilities, Weirdness & Mutations

You are immune to sickness and miasma.
Your stone body is resilient. (AC +6)
You are immune to poison.
You resist negative energy. (rN+)
You are resistant to electric shocks. (rElec)
You are resistant to unholy torment.
You are immune to petrification.


Message History

Press: ? - help, Q - select action, (/) - cycle Shift-Dir - straight line, f - kobold brigand
Aim: a kobold brigand, wielding a +0 dagger and quivering poisoned darts (81% to hit)
The blast of sand misses the kobold brigand.
The kobold brigand hits you but does no damage.
The wight hits you but does no damage. The wight closely misses you.
The kobold brigand hits you but does no damage.
Blink to where?
Press: ? - help, Dir - move target, p - kobold brigand A centaur, a wight and a manticore come into view.
As you read the scroll of blinking, it crumbles to dust.
The centaur shouts!
The centaur wields a +0 shortbow.
The centaur shoots an arrow.
The arrow barely misses you.
A bullfrog comes into view.
The manticore flicks its tail.
The volley of spikes hits you but does no damage.
The centaur shoots an arrow.
The arrow hits you but does no damage.
As you read the scroll of teleportation, it crumbles to dust.
You feel strangely unstable. The wight barely misses you.
The centaur shoots an arrow.
The arrow hits you but does no damage.
The centaur shoots an arrow.
The arrow closely misses you.
The bullfrog croaks.
The centaur shoots an arrow.
The arrow hits you.
* * * LOW HITPOINT WARNING * * *
The centaur shoots an arrow.
The arrow hits you.
* * * LOW HITPOINT WARNING * * *
Your surroundings suddenly seem different.
An acid dragon and 4 kobolds come into view.
A kobold is wielding a +0 dagger and quivering poisoned darts.
A kobold is wielding a +0 whip and quivering poisoned darts.
The kobold shouts! x2; You hear a shout!
The kobold throws a stone.
The stone misses you.
A kobold brigand comes into view.
It is wielding a +0 club and quivering poisoned darts.
A centaur comes into view.
The centaur shouts!
The acid dragon roars!
You hear a shout!
The centaur wields a +0 shortbow.
The centaur shoots an arrow.
The arrow hits you.
* * * LOW HITPOINT WARNING * * *
The acid dragon spits acid at you. The splash of acid hits you!!
You die...

.....K# ..
.....###.. #
##......#. .
..#..D....K ..
......KKK.##...
..#............
.............#.
#........#
#@######.# #.#
..# ##.# #.#
#.# ..# c..


You could see an acid dragon (catching breath), a centaur and 4 kobolds.

Vanquished Creatures
  Pikel (D:7)
  Grinder (D:3)
  A steam dragon (D:7)
  Duvessa (D:7)
  An orc warrior (D:6)
  Pargi (Sewer)
  3 black bears (D:5)
  A centaur (D:7)
  A phantom (D:6)
  A bullfrog (D:7)
  3 necrophages
  2 scorpions
  A wight (D:8)
  Dowan (D:7)
  A howler monkey (D:8)
  3 jellies
  4 orc priests
  3 hounds
  3 iguanas
  Jessica (D:2)
  Natasha (thrice) (D:2)
  4 orc wizards
  Robin (D:2)
  7 gnolls
  8 adders
  A river rat (D:6)
  2 worms
  3 dart slugs
  21 orcs
  11 ball pythons
  5 bats
  5 endoplasms
  3 giant cockroaches
  15 goblins
  10 hobgoblins
  13 kobolds
  6 quokkas
  9 frilled lizards
  2 rats
163 creatures vanquished.

Vanquished Creatures (others)
  A plant (D:3)
1 creature vanquished.

Grand Total: 164 creatures vanquished

Notes
Turn   | Place    | Note
-------+----------+-------------------------------------------
     0 | D:1      | quixfox the Gargoyle Earth Elementalist began the quest for
                  | the Orb.
     0 | D:1      | Reached XP level 1. HP: 10/10 MP: 3/3
   355 | D:1      | Reached skill level 4 in Earth Magic
   355 | D:1      | Reached XP level 2. HP: 15/15 MP: 3/5
   437 | D:1      | Found a faded altar of an unknown god.
   910 | D:2      | Reached XP level 3. HP: 19/19 MP: 3/6
   913 | D:2      | Learned a level 2 spell: Passwall
   917 | D:2      | Learned a level 3 spell: Stone Arrow
  1202 | D:2      | Noticed Robin
  1504 | D:2      | Noticed Natasha
  1509 | D:2      | Killed Natasha
  1510 | D:2      | Reached skill level 1 in Conjurations
  1510 | D:2      | Reached XP level 4. HP: 18/24 MP: 4/8
  1616 | D:2      | Noticed Natasha
  1621 | D:2      | Killed Natasha
  1872 | D:2      | Noticed Jessica
  1882 | D:2      | Killed Jessica
  1883 | D:2      | Reached skill level 5 in Earth Magic
  1883 | D:2      | Reached XP level 5. HP: 28/28 MP: 5/9
  1896 | D:2      | Killed Robin
  2272 | D:2      | Noticed Natasha
  2275 | D:2      | Killed Natasha
  2436 | D:3      | You fall into a shaft and drop 1 floor!
  2741 | D:3      | Reached XP level 6. HP: 32/32 MP: 9/11
  3537 | D:3      | Noticed Grinder
  3544 | D:3      | Killed Grinder
  3545 | D:3      | Reached skill level 6 in Earth Magic
  3545 | D:3      | Reached XP level 7. HP: 23/36 MP: 8/13
  3545 | D:3      | Found a stormy altar of Qazlal.
  3955 | D:4      | Found an iron altar of Okawaru.
  4310 | D:5      | Entered Level 5 of the Dungeon
  4516 | D:5      | Reached skill level 7 in Earth Magic
  4635 | D:5      | Found a staircase to the Ecumenical Temple.
  4646 | Temple   | Entered the Ecumenical Temple
  4994 | D:5      | Reached skill level 5 in Spellcasting
  4994 | D:5      | Reached XP level 8. HP: 31/41 MP: 11/15
  5126 | D:5      | Reached skill level 5 in Conjurations
  5769 | D:5      | Identified the +5 dagger "Delusie" {pain, rElec rN++ Str-2}
  5847 | D:6      | Found a radiant altar of Vehumet.
  5852 | D:6      | Became a worshipper of Vehumet
  5889 | D:6      | Found a glowing drain.
  5901 | Sewer    | Entered a sewer
  5948 | Sewer    | Noticed Pargi
  5950 | Sewer    | Killed Pargi
  5951 | Sewer    | Reached skill level 8 in Earth Magic
  6426 | D:6      | Reached * piety under Vehumet
  6426 | D:6      | Offered knowledge of Foxfire by Vehumet.
  6442 | D:6      | Learned a level 1 spell: Foxfire
  6516 | D:6      | HP: 2/42 [orc warrior/stone (9)]
  6518 | D:6      | Reached skill level 1 in Fighting
  6740 | D:6      | Reached skill level 1 in Fire Magic
  6740 | D:6      | Reached XP level 9. HP: 37/47 MP: 18/18
  7134 | D:7      | Noticed Pikel
  7151 | D:7      | Killed Pikel
  7155 | D:7      | Reached skill level 9 in Earth Magic
  7238 | D:7      | Noticed Duvessa
  7249 | D:7      | Noticed Dowan
  7255 | D:7      | Killed Duvessa
  7261 | D:7      | Killed Dowan
  7444 | D:7      | Found a blossoming altar of Fedhas.
  7787 | D:7      | Identified the +4 broad axe "Xidatili" {flame, Dex+3}
  7987 | D:8      | Noticed a manticore
  7993 | D:8      | HP: 1/51 [centaur/arrow (5)]
  7993 | D:8      | Killed from afar by an acid dragon

Illustrated notes

Levels and vault maps discovered:
D:1:      dpeg_arrival_erosion, layout_rooms,
          hellmonk_ecumenical_altar_crossroads
D:2:      layout_rooms, minmay_misc_feat_cross, minivault_5,
          hangedman_decor_growths, glass_columns_c, uniq_jessica, uniq_natasha,
          uniq_robin
D:3:      minmay_octagon_keep, layout_loops_cross,
          nicolae_qazlal_general_emergency, corexii_shack, uniq_grinder
D:4:      layout_cave_pools, okawaru_metal_pillars_1_2
D:5:      black_bear_nest_2, layout_loops_corners,
          minmay_temple_entry_antechambers
D:6:      layout_rooms, mainiacjoe_overflow_alcove_4,
          cheibrodos_sewer_entry_sluice, nicolae_concentric_dashed_squares_wild
D:7:      layout_cave_pools, fedhas_bush_and_centaur_altar, uniq_pikel,
          uniq_duvessa
D:8:      layout_cave_pools, jmf_multi_god_temple2, grunt_temple_overflow_open,
          enter_ossuary_4, kb_lookout_dungeons_type
Temple:   minmay_temple_bridge_abc

Skill      XL: |  1  2  3  4  5  6  7  8  9 |
---------------+----------------------------+-----
Earth Magic    | 4 5 6 7 8 9 |  9.4
Spellcasting   | 3 4 5 6 |  6.8
Conjurations   | 1 2 4 6 7 |  7.4
Fighting       | 1 3 |  3.6
Fire Magic     | 1 3 |  3.2
Dodging        | |  1.5
Stealth        | |  2.1
Transmutations | |  0.7

Action                   |  1- 3 |  4- 6 |  7- 9 || total
-------------------------+-------+-------+-------++-------
Melee: Hand axe          |     2 |       |       ||     2
       Mace              |     5 |    14 |       ||    19
       Dagger            |       |       |     1 ||     1
 Cast: Sandblast         |    48 |    78 |   157 ||   283
Evoke: Wand              |       |     2 |     8 ||    10
  Use: Scroll            |     1 |     1 |    18 ||    20
       Potion            |       |     1 |     3 ||     4
Armor: Robe              |    17 |    30 |    64 ||   111
Dodge: Dodged            |    27 |    36 |    97 ||   160

Table legend: (Time is in decaauts)
 A = Elapsed time spent in this place.
 B = Non-inter-level travel time spent in this place.
 C = Inter-level travel time spent in this place.
 D = Time resting spent in this place.
 E = Time spent auto-exploring this place.
 F = Levels seen in this place.
 G = Mean time per level.
                   A        B        C        D        E       F      G
               +--------+--------+--------+--------+--------+-----+--------+
         Total |   8324 |   8143 |    181 |   2058 |   4384 |  10 |  832.4 |
       Dungeon |   7926 |   7745 |    181 |   2058 |   4151 |   8 |  990.8 |
        Temple |    202 |    202 |      0 |      0 |    171 |   1 |  202.0 |
         Sewer |    195 |    195 |      0 |      0 |     62 |   1 |  195.0 |
               +--------+--------+--------+--------+--------+-----+--------+

Top non-repeatable levels by time:
     D:2: 1744 daAuts
     D:5: 1505 daAuts
     D:3: 1361 daAuts
     D:6: 1027 daAuts
     D:7: 889 daAuts
     D:1: 758 daAuts
     D:4: 607 daAuts
  Temple: 202 daAuts
   Sewer: 195 daAuts
     D:8: 31 daAuts
